 Dungeon Crawl Stone Soup version 0.31.0-9-g3a7656b989 (webtiles) character file.

Game seed: 6764263884137961203

50 qw the Shooter (level 3, -2/20 HPs)
             Began as a Deep Elf Hunter on Feb 2, 2024.
             Slain by Sigmund
             ... wielding a +3 scythe
              (3 damage)
             ... on level 2 of the Dungeon.
             The game lasted 00:00:04 (1212 turns).

qw the Shooter (Deep Elf Hunter)                    Turns: 1212, Time: 00:00:04

Health: -2/20      AC:  8    Str: 10    XL:     3   Next: 55%
Magic:  5/5        EV: 12    Int: 13    God:
Gold:   74         SH:  0    Dex: 18    Spells: 2/2 levels left

rFire   . . .        a - +0 shortbow
rCold   . . .        (shield currently unavailable)
rNeg    . . .        c - +0 leather armour
rPois   .            (no helmet)
rElec   .            (no cloak)
rCorr   .            (no gloves)
SInv    +            e - +0 pair of boots
Will    .....        (no amulet)
Stlth   ++           g - ring of see invisible
HPRegen 0.23/turn    j - +4 ring of protection
MPRegen 0.09/turn

%: no passive effects
@: hasted, very quick
A: no striking features
a: no special abilities


You were on level 2 of the Dungeon.
You visited 1 branch of the dungeon, and saw 2 of its levels.

You collected 74 gold pieces.


   Skills:
 - Level 1.5 Fighting
 + Level 7.1 Ranged Weapons
 - Level 2.4 Dodging
 - Level 1.2 Stealth


You had 2 spell levels left.
You didn't know any spells.
Your spell library was empty.

Inventory:

Hand Weapons
 a - a +0 shortbow (weapon)
Armour
 c - a +0 leather armour (worn)
 e - a +0 pair of boots (worn)
Jewellery
 g - a ring of see invisible (left hand)
 j - a +4 ring of protection (right hand)
 k - a +6 ring of dexterity
Scrolls
 f - 2 scrolls of teleportation {unknown}
Potions
 b - a potion of cancellation {unknown}
 h - a potion of degeneration {unknown}
 i - a potion of might {unknown}
 l - a potion of heal wounds {unknown}

Dungeon Overview and Level Annotations

Branches:
Dungeon (2/15)

Altars:
Gozag

Annotations:
D:2 Sigmund


Message History

1195 ||| DRINKING potion of haste.
You feel yourself speed up.
Sigmund mumbles some strange words.
Sigmund flickers and vanishes for a moment.
You shoot an arrow. The arrow barely misses the rat.
The rat bites you but does no damage. Sigmund misses you.
You shoot an arrow. The arrow hits the rat.
You kill the rat!
You shoot an arrow. The arrow hits Sigmund.
Sigmund is moderately wounded.
Sigmund hits you from afar with a +3 scythe.
You shoot an arrow. The arrow closely misses Sigmund.
You shoot an arrow. The arrow closely misses Sigmund.
You shoot an arrow. The arrow barely misses Sigmund.
Sigmund gestures at you while chanting. The puff of flame misses you.
You shoot an arrow. The arrow barely misses Sigmund.
Sigmund barely misses you.
You shoot an arrow. The arrow hits Sigmund.
Sigmund is moderately wounded.
You shoot an arrow. The arrow barely misses Sigmund.
Sigmund hits you from afar with a +3 scythe!
You shoot an arrow.
The arrow hits Sigmund but does no damage.
Sigmund is moderately wounded.
You shoot an arrow. The arrow hits Sigmund.
Sigmund is moderately wounded.
Sigmund closely misses you.
You shoot an arrow. The arrow barely misses Sigmund.
You shoot an arrow. The arrow barely misses Sigmund.
Sigmund misses you.
You shoot an arrow. The arrow barely misses Sigmund.
You shoot an arrow. The arrow closely misses Sigmund.
Sigmund hits you from afar with a +3 scythe!
You shoot an arrow. The arrow hits Sigmund.
Sigmund is heavily wounded.
You shoot an arrow. The arrow hits Sigmund!
Sigmund is severely wounded.
Sigmund hits you from afar with a +3 scythe.
You die...
Sigmund begins carving another notch in his scythe.

###
#.#################
#...............@.#
..###############.#
......... @..
######### .### ####
#.# ...# #.# ##.#
#.#
.#.##############.#
...#...........##.#


You could see Sigmund (invisible).

Vanquished Creatures
  2 adders (D:2)
  A ball python (D:1)
  5 bats
  2 endoplasms (D:2)
  A giant cockroach (D:1)
  5 hobgoblins
  6 kobolds
  2 quokkas
  A frilled lizard (D:1)
  3 goblins (D:1)
  3 rats
31 creatures vanquished.

Notes
Turn   | Place    | Note
-------+----------+-------------------------------------------
     0 | D:1      | qw the Deep Elf Hunter began the quest for the Orb.
     0 | D:1      | Reached XP level 1. HP: 12/12 MP: 3/3
     0 | D:1      | 0 ||| qw: Version: 0.3-a-155-g5e7d8dd
     0 | D:1      | 0 ||| qw: Game counter: 2359
     0 | D:1      | 0 ||| qw: Melee chars always use a shield: true
     0 | D:1      | 0 ||| qw: God list: Okawaru
     0 | D:1      | 0 ||| qw: Allow faded altars: false
     0 | D:1      | 0 ||| qw: Do Orc after clearing Dungeon:15 true
     0 | D:1      | 0 ||| qw: Do second Lair branch before Depths: true
     0 | D:1      | 0 ||| qw: Lair rune preference: random
     0 | D:1      | 0 ||| qw: Goals: Normal
     0 | D:1      | 0 ||| PLANNING D:1-11
    95 | D:1      | Reached XP level 2. HP: 16/16 MP: 4/4
   113 | D:1      | Reached skill level 6 in Ranged Weapons
   472 | D:1      | 472 ||| UPGRADING to +0 pair of boots.
   477 | D:1      | 477 ||| UPGRADING to ring of see invisible.
   478 | D:1      | 478 ||| UPGRADING to +4 ring of protection.
   479 | D:1      | 479 ||| READING scroll labelled NAOGIT UCRIB.
   480 | D:1      | 480 ||| READING scroll labelled LOMERI QUCLYWI.
   481 | D:1      | 481 ||| DRINKING 2 fizzy black potions.
   482 | D:1      | 482 ||| DROPPING scroll of butterflies.
   558 | D:2      | Reached XP level 3. HP: 20/20 MP: 5/5
   735 | D:2      | Found a faded altar of an unknown god.
   861 | D:2      | Found an opulent altar of Gozag.
  1121 | D:2      | Reached skill level 7 in Ranged Weapons
  1191 | D:2      | Noticed Sigmund
  1195 | D:2      | 1195 ||| DRINKING potion of haste.
  1210 | D:2      | HP: 1/20 [Sigmund/+3 scythe (7)]
  1212 | D:2      | Slain by Sigmund

Levels and vault maps discovered:
D:1:      minmay_arrival_floating_metal, layout_rooms, nrook_mini_vaults
D:2:      layout_basic, chequers_ecumenical_altar_grove, basic_altar,
          uniq_sigmund

Skill      XL: |  1  2  3 |
---------------+----------+-----
Ranged Weapons | 6 7 |  7.1
Fighting       | |  1.5
Dodging        | |  2.4
Stealth        | |  1.2

Action                     || total
---------------------------++-------
   Fire: Shortbow          ||    96
    Use: Scroll            ||     2
         Potion            ||     2
 Armour: Leather armour    ||    31
  Dodge: Dodged            ||    26

Table legend:
 A = Non-vault XP
 B = Vault XP
 C = Vault XP percentage of total XP
 D = Non-vault monster count
 E = Vault monster count
 F = Vault count percentage of total count
                 A         B        C        D         E       F
            +---------+---------+-------+---------+---------+-------
      Total |      72 |       0 |   0.0 |      31 |       0 |   0.0
            +---------+---------+-------+---------+---------+-------
        D:1 |      29 |       0 |   0.0 |      19 |       0 |   0.0
        D:2 |      43 |       0 |   0.0 |      12 |       0 |   0.0
            +---------+---------+-------+---------+---------+-------
